 Dungeon Crawl Stone Soup version 0.31.0-10-gcf4a605ca0 (webtiles) character file.

Game seed: 17265755395867081416

285 Gadfly the Ruffian (level 6, -5/46 HPs)
             Began as a Demonspawn Shapeshifter on Jan 26, 2024.
             Slain by an orc priest
             ... wielding a +0 trident
              (8 damage)
             ... on level 3 of the Dungeon.
             The game lasted 00:04:52 (2443 turns).

Gadfly the Ruffian (Demonspawn Shapeshifter)        Turns: 2443, Time: 00:04:52

Health: -5/46      AC:  2    Str: 16    XL:     6   Next: 7%
Magic:  6/6        EV: 12    Int: 11    God:
Gold:   102        SH:  4    Dex: 12    Spells: 5/5 levels left

rFire   . . .        b - +7 hammer "Ydyer" {flame, rC++ rCorr}
rCold   + + .        (no shield)
rNeg    . . .        a - +1 animal skin
rPois   .            (helmet currently unavailable)
rElec   .            o - melded +0 cloak
rCorr   +            (gloves currently unavailable)
SInv    .            (boots currently unavailable)
Will    .....        (no amulet)
Stlth   +            (no ring)
HPRegen 0.27/turn    (no ring)
MPRegen 0.10/turn

%: no passive effects
@: mighty, beast-form, attractive
A: beast (slay +1), foul stench 1, condensation shield, deformed body, screaming
1, persistent drain
a: Begin Untransformation


You were on level 3 of the Dungeon.
You were a hulking beast.
You visited 1 branch of the dungeon, and saw 3 of its levels.
You also visited: Sewer.

You collected 102 gold pieces.

Inventory:

Hand Weapons
 b - the +7 hammer "Ydyer" (weapon) {flame, rC++ rCorr}
   (You found it on level 2 of the Dungeon)

   rC++:      It greatly protects you from cold.
   rCorr:     It protects you from acid and corrosion.
Armour
 a - a +1 animal skin (worn)
 i - a +0 pair of gloves
 o - a +0 cloak (melded)
Talismans
 c - a beast talisman (active)
 d - a flux talisman
 j - a blade talisman
Scrolls
 e - 3 scrolls of teleportation
 p - a scroll of enchant weapon
Potions
 k - 4 potions of lignification
 n - a potion of haste


   Skills:
 + Level 2.6 Fighting
 * Level 3.1 Dodging
 * Level 3.5 Unarmed Combat
 * Level 2.7 Evocations
 * Level 3.4 Shapeshifting


You had 5 spell levels left.
You didn't know any spells.
Your spell library contained the following spells:

 Spells                   Type           Power      Damage    Failure   Level
 Haunt                    Necr/Summ      0%         N/A       100%        7
 Borgnjor's Revivificati  Necr           0%         N/A       100%        8
 Death's Door             Necr           0%         N/A       100%        9


Dungeon Overview and Level Annotations

Branches:
Dungeon (3/15)              Sewer (visited)

Altars:
Wu Jian


Innate Abilities, Weirdness & Mutations

You are a hulking beast.
Your limbs bulge with bestial killing power. (Slay +1)
You may rarely emit foul miasma when damaged in melee.
A meltable shield of frost defends you. (SH +4)
Armour fits poorly on your strangely shaped body.
You occasionally shout uncontrollably at your foes.
Your health recovers twice as slowly from being drained.


Message History

The orc wizard hits you but does no damage.
The orc priest hits you from afar with a +0 trident.
The orc hits you but does no damage.
You barely miss the orc wizard.
The orc hits you from afar with a +2 trident of pain.
The orc wizard hits you with a +0 dagger.
The orc priest barely misses you.
You miss the orc wizard. The orc closely misses you.
The orc priest hits you from afar with a +0 trident.
The orc wizard points at you and mumbles some strange words.
The magic dart hits you. You block the orc's attack.
The orc priest hits you from afar with a +0 trident.
The orc wizard barely misses you.
You closely miss the orc wizard. You block the orc's attack.
The orc wizard barely misses you.
The orc priest hits you from afar with a +0 trident.
You hit the orc wizard. You burn the orc wizard.
The orc wizard is heavily wounded.
The orc closely misses you. The orc priest closely misses you.
The orc wizard hits you with a +0 dagger.
You sock the orc wizard! You burn the orc wizard.
You kill the orc wizard!
You block the orc's attack.
The orc priest hits you from afar with a +0 trident.
* * * LOW HITPOINT WARNING * * *
The orc priest hits you from afar with a +0 trident.
* * * LOW HITPOINT WARNING * * *
The orc hits you from afar with a +2 trident of pain.
* * * LOW HITPOINT WARNING * * *
You have reached level 6!
It was a potion of might.
You feel very mighty all of a sudden. You block the orc's attack.
The orc priest hits you from afar with a +0 trident.
* * * LOW HITPOINT WARNING * * *
It was a potion of attraction.
You feel attractive to monsters. You block the orc's attack.
The orc priest hits you from afar with a +0 trident!
You die...

#.. #.# # #.# .# #
#.# ..# #.###.##..#
#.#.........###
......oo....... #)#
#.# #h#
###.#########.# .
#.............##....
.#.# #........%.....
## .#.#
#.#####.####... .#
#.#.# #.# #.#
.###.#†# #.# ..#
.#...#.###.# #.#
...#.......# #.#


You could see an orc priest and an orc.

Vanquished Creatures
  3 jellies (Sewer)
  Crazy Yiuf (D:2)
  Jessica (D:2)
  An orc wizard (D:3)
  A river rat (Sewer)
  3 adders (D:3)
  2 dart slugs (D:1)
  4 orcs (D:3)
  6 bats
  16 endoplasms
  5 giant cockroaches
  2 goblins
  3 hobgoblins
  6 kobolds
  2 quokkas
  6 ball pythons
  7 frilled lizards
  6 rats
75 creatures vanquished.

Notes
Turn   | Place    | Note
-------+----------+-------------------------------------------
     0 | D:1      | Gadfly the Demonspawn Shapeshifter began the quest for the
                  | Orb.
     0 | D:1      | Reached XP level 1. HP: 15/15 MP: 1/1
   122 | D:1      | Gained mutation: A meltable shield of frost defends you.
                  | (SH +4) [demonic ancestry]
   122 | D:1      | Reached XP level 2. HP: 21/21 MP: 2/2
   335 | D:1      | Reached skill level 1 in Evocations
   665 | D:2      | Noticed Jessica
   675 | D:2      | Killed Jessica
   676 | D:2      | Gained mutation: You may rarely emit foul miasma when
                  | damaged in melee. [demonic ancestry]
   676 | D:2      | Reached XP level 3. HP: 15/27 MP: 3/3
   909 | D:2      | Found an ornate altar of the Wu Jian Council.
  1000 | D:2      | Found a runed translucent door.
  1001 | D:2      | Noticed Crazy Yiuf
  1414 | D:2      | Killed Crazy Yiuf
  1415 | D:2      | Reached XP level 4. HP: 9/33 MP: 4/4
  1444 | D:2      | Identified the +7 hammer "Ydyer" {flame, rC++ rCorr}
  1795 | D:3      | Found a glowing drain.
  1912 | Sewer    | Entered a sewer
  2067 | Sewer    | Reached XP level 5. HP: 37/38 MP: 5/5
  2154 | Sewer    | Found a viscous altar of Jiyva.
  2305 | D:3      | Gained mutation: You occasionally shout uncontrollably at
                  | your foes. [potion of mutation]
  2305 | D:3      | Gained mutation: Your body sometimes deteriorates upon
                  | taking damage. [potion of mutation]
  2305 | D:3      | Gained mutation: Your spells are a little easier to cast,
                  | but a little less powerful. [potion of mutation]
  2306 | D:3      | Lost mutation: Your body sometimes deteriorates upon taking
                  | damage. [potion of mutation]
  2306 | D:3      | Lost mutation: Your spells are a little easier to cast, but
                  | a little less powerful. [potion of mutation]
  2306 | D:3      | Gained mutation: Your health recovers twice as slowly from
                  | being drained. [potion of mutation]
  2306 | D:3      | Gained mutation: Armour fits poorly on your strangely
                  | shaped body. [potion of mutation]
  2442 | D:3      | Reached XP level 6. HP: 5/46 MP: 6/6
  2442 | D:3      | HP: 2/46 [orc priest/+0 trident (3)]
  2443 | D:3      | Slain by an orc priest

Illustrated notes

Levels and vault maps discovered:
D:1:      minmay_arrival_stone_box, layout_basic
D:2:      layout_basic, basic_altar, uniq_crazy_yiuf_cottage, uniq_jessica
D:3:      layout_loops_ring, gup_sewer_entry_glass

Skill      XL: |  1  2  3  4  5 |
---------------+----------------+-----
Dodging        | 2 3 |  3.1
Evocations     | 1 2 |  2.7
Fighting       | 2 |  2.6
Unarmed Combat | 3 |  3.5
Shapeshifting  | 3 |  3.4

Action                     |  1- 3 |  4- 6 || total
---------------------------+-------+-------++-------
  Melee: Unarmed           |    58 |    56 ||   114
         Punch             |     3 |       ||     3
         Short sword       |    28 |       ||    28
         Mace              |       |    61 ||    61
Ability: Begin Untransform |       |     1 ||     1
    Use: Scroll            |     5 |     4 ||     9
         Potion            |       |     7 ||     7
   Stab: Sleeping          |     1 |       ||     1
 Armour: Animal skin       |    34 |    71 ||   105
  Dodge: Dodged            |    39 |    85 ||   124
  Block: Other             |    13 |    30 ||    43
   Form: Beast             |       |     1 ||     1
